 Dungeon Crawl Stone Soup version 0.17-a0-2069-g0f4ee5b (webtiles) character file.

5318 Ajdolov the Firebug (level 10, -6/63 HPs)
             Began as a Mummy Wizard on Oct 14, 2015.
             Was a Believer of Sif Muna.
             Splashed by a brown ugly thing's acid (7 damage)
             ... on level 14 of the Dungeon.
             The game lasted 00:37:07 (13632 turns).

Ajdolov the Firebug (Mummy Wizard)                 Turns: 13632, Time: 00:37:08

Health: -6/63      AC: 10    Str: 11    XL:     10   Next: 38%
Magic:  5/14       EV: 12    Int: 20    God:    Sif Muna [**....]
Gold:   373        SH:  0    Dex: 11    Spells: 5 memorised, 4 levels left

rFire  x . .     SeeInvis .     l - +2 dagger (drain)
rCold  + . .     Clarity  .     a - +0 robe
rNeg   + + +     SustAt   .     (no shield)
rPois  ∞         Gourm    .     h - +1 helmet
rElec  .         Spirit   .     r - +0 cloak
rCorr  .         Warding  .     j - +0 pair of gloves
rMut   .         Stasis   .     (no boots)
MR     +....                    (no amulet)
Stlth  ++........               (no ring)
                                n - +4 ring of protection

@: very slightly contaminated, repel missiles, somewhat resistant to hostile
enchantments, unstealthy
A: no food or potions, fire vulnerability, cold resistance 1, negative energy
resistance 3, torment resistance, unbreathing
a: Channel Energy, Forget Spell, Renounce Religion


You were on level 14 of the Dungeon.
You worshipped Sif Muna.
Sif Muna was pleased with you.
You were not hungry.

You visited 2 branches of the dungeon, and saw 13 of its levels.

You collected 373 gold pieces.

Inventory:

Hand Weapons
 l - a +2 dagger of draining (weapon)
Armour
 a - a +0 robe (worn)
 h - a +1 helmet (worn)
 j - a +0 pair of gloves (worn)
 r - a +0 cloak (worn)
 v - a +2 buckler
Magical Staves
 u - an uncursed staff of fire
Jewellery
 n - a +4 ring of protection (left hand)
Wands
 p - a wand of enslavement (2)
Scrolls
 b - 16 scrolls of identify {unknown}
 d - 2 scrolls of recharging {unknown}
 e - 6 scrolls of magic mapping
 f - 3 scrolls of remove curse
 g - a scroll of enchant armour {unknown}
 i - a scroll of fear
 k - a scroll of amnesia {unknown}
 m - a scroll of noise {unknown}
 q - a scroll of immolation {unknown}
 t - a scroll of brand weapon {unknown}
Books
 c - a book of Minor Magic

   Spells                             Type                      Level
   a - Magic Dart                     Conjuration                  1
   b - Blink                          Translocation                2
   c - Call Imp                       Summoning                    2
   d - Repel Missiles                 Charms/Air                   2
   e - Slow                           Hexes                        2
   f - Conjure Flame                  Conjuration/Fire             3
   g - Mephitic Cloud                 Conjuration/Poison/Air       3
 s - a book of Transfigurations

   Spells                             Type                      Level
   a - Stoneskin                      Transmutation/Earth          2
   b - Irradiate                      Conjuration/Transmutation    5
   c - Statue Form                    Transmutation/Earth          6
   d - Hydra Form                     Transmutation                6
   e - Dragon Form                    Transmutation                7


   Skills:
 - Level 1.5 Dodging
 - Level 1.5 Stealth
 - Level 3.0 Spellcasting
 - Level 6.0 Conjurations
   Level 0.7 Summonings
 * Level 3.4 Translocations
 - Level 7.2 Fire Magic
 - Level 7.2 Air Magic
 + Level 3.6 Invocations


You had 4 spell levels left.
You knew the following spells:

 Your Spells              Type           Power        Failure   Level  Hunger
a - Magic Dart            Conj           ####         1%          1    N/A
b - Conjure Flame         Conj/Fire      ####....     3%          3    N/A
c - Mephitic Cloud        Conj/Pois/Air  ###.....     10%         3    N/A
d - Repel Missiles        Chrm/Air       ###...       6%          2    N/A
e - Blink                 Tloc           N/A          6%          2    N/A

Dungeon Overview and Level Annotations

Branches:
Dungeon (15/15)            Temple (1/1) D:5            Lair (0/8) D:8
    Orc: D:9-12      Vaults: D:13-14     Depths: D:15

Altars:
Ashenzari
Cheibriados
Dithmenos
Elyvilon
Fedhas
Gozag
Kikubaaqudgha
Makhleb
Nemelex Xobeh
Okawaru
Qazlal
Ru
Sif Muna
Trog
Vehumet
Yredelemnul
Zin
The Shining One

Shops:
D:7 (   D:15 [!

Annotations:
D:5 Edmund
D:6 exclusion: hill giant


Innate Abilities, Weirdness & Mutations

You do not eat or drink.
Your flesh is vulnerable to fire.
You are immune to poison.
Your flesh is cold resistant.
You are immune to negative energy.
You are immune to unholy pain and torment.
You can survive without breathing.


Message History

The brown ugly thing is engulfed in noxious fumes.
The brown ugly thing appears confused.
The purple ugly thing basks in the mutagenic energy from its kin and changes!
The shadow imp lashes its tail.
The brown ugly thing seems less confused.
Found a ring mail.
Use which ability?
You channel some magical energy.
Casting: Mephitic Cloud
Confirm with . or Enter, or press ? or * to list all spells.
Aiming: Conjure Flame
Press: ? - help, Dir - move target cursor, p - brown ugly thing The fire roars!
Use which ability?
You channel some magical energy.
The brown ugly thing is engulfed in roaring flames.
The brown ugly thing trunk-slaps you!
* * * LOW HITPOINT WARNING * * *
You are splashed with acid!
The acid burns!
You die...

## #########5 #####
##..W..WouZ
......########o.########
.......@uu.W.ou...(.o...
.[....#####...##########
..... ###..## # ....
.....########### ...
................. ..
......#.......[#). .
....###........#..
..#............#..
........########


You could see 3 ugly things, a hungry ghost, an orc warrior and an orc.

Vanquished Creatures
  A centaur zombie (D:11)
  2 trolls (D:9)
  The ghost of Duffy the Covert, an amateur NaAs of Makhleb (D:4)
  2 hungry ghosts
  2 wargs (D:8)
  An orc warrior (D:8)
  2 ice beasts
  2 sky beasts
  A phantom (D:6)
  8 centaurs
  A black bear (D:8)
  3 ogres
  8 giant frogs
  2 scorpions
  5 killer bees (D:8)
  6 wights
  A giant frog zombie (D:5)
  2 jellies (D:8)
  4 crimson imps
  4 hounds
  Crazy Yiuf (D:7)
  5 orc priests
  10 orc wizards
  8 worker ants
  A giant frog skeleton (D:4)
  4 iguanas
  A hound skeleton (D:9)
  11 adders
  5 gnolls
  A shadow imp (D:6)
  3 adder zombies
  2 worms
  7 giant geckos
  20 orcs
  9 bats
  3 hobgoblins
  2 jackals (D:7)
  11 kobolds
  6 quokkas
  2 ball pythons
  A giant cockroach (D:4)
  6 giant newts
  7 goblins
  A jackal skeleton (D:5)
  2 quokka skeletons
  9 rats
196 creatures vanquished.

Vanquished Creatures (collateral kills)
  2 wights (D:8)
  2 orc wizards (D:8)
  2 gnolls (D:8)
6 creatures vanquished.

Vanquished Creatures (others)
  A wight (D:8)
  A kobold (D:3)
  A quokka (D:3)
3 creatures vanquished.

Grand Total: 205 creatures vanquished

Notes
Turn   | Place    | Note
--------------------------------------------------------------
     0 | D:1      | Ajdolov the Mummy Wizard began the quest for the Orb.
     0 | D:1      | Reached XP level 1. HP: 13/13 MP: 4/4
    19 | D:1      | Reached skill level 1 in Conjurations
   627 | D:1      | Reached XP level 2. HP: 16/19 MP: 6/6
  1230 | D:2      | Reached XP level 3. HP: 15/24 MP: 2/7
  1282 | D:2      | Learned a level 3 spell: Conjure Flame
  1286 | D:2      | Learned a level 3 spell: Mephitic Cloud
  2353 | D:3      | Reached XP level 4. HP: 26/30 MP: 8/8
  2549 | D:3      | Found a white marble altar of Elyvilon.
  3195 | D:4      | Noticed an ogre
  3206 | D:4      | Killed an ogre
  3206 | D:4      | Reached skill level 4 in Conjurations
  3206 | D:4      | Reached XP level 5. HP: 17/35 MP: 1/9
  3739 | D:5      | Entered Level 5 of the Dungeon
  3868 | D:4      | Reached skill level 5 in Conjurations
  3868 | D:4      | Reached XP level 6. HP: 26/41 MP: 7/10
  4155 | D:4      | Noticed Duffy's ghost (amateur NaAs)
  4181 | D:4      | Killed Duffy's ghost
  4482 | D:5      | Reached skill level 6 in Conjurations
  4520 | D:5      | Noticed Edmund
  4581 | D:5      | Reached XP level 7. HP: 32/46 MP: 7/11
  4650 | D:5      | Found a glowing silver altar of Zin.
  4652 | D:5      | Found a stormy altar of Qazlal.
  4652 | D:5      | Found an iron altar of Okawaru.
  4669 | D:5      | Found a sacrificial altar of Ru.
  4739 | D:5      | Got a fine hand axe
  4830 | D:5      | Reached skill level 1 in Fire Magic
  4830 | D:5      | Reached skill level 1 in Air Magic
  5549 | D:5      | Found a staircase to the Ecumenical Temple.
  5559 | Temple   | Entered the Ecumenical Temple
  6706 | D:5      | Reached XP level 8. HP: 42/52 MP: 3/12
  7236 | D:6      | Learned a level 2 spell: Repel Missiles
  7777 | D:6      | Noticed a hill giant
  8713 | D:7      | Noticed Crazy Yiuf
  8727 | D:7      | Killed Crazy Yiuf
  9013 | D:7      | Reached skill level 5 in Fire Magic
  9013 | D:7      | Reached skill level 5 in Air Magic
  9248 | D:7      | Found Vomab's Weapon Emporium.
  9290 | D:7      | Reached XP level 9. HP: 51/57 MP: 10/13
  9839 | D:7      | Found a deep blue altar of Sif Muna.
  9847 | D:7      | Became a worshipper of Sif Muna the Loreminder
 10514 | D:8      | Found a staircase to the Lair.
 10570 | D:8      | Reached skill level 1 in Invocations
 11342 | D:8      | Reached * piety under Sif Muna
 11356 | D:8      | Learned a level 2 spell: Blink
 11931 | D:8      | Reached skill level 7 in Fire Magic
 12222 | D:8      | Reached XP level 10. HP: 58/63 MP: 11/14
 12251 | D:8      | Found an iron altar of Okawaru.
 12576 | D:8      | Reached ** piety under Sif Muna
 12942 | D:9      | Reached skill level 1 in Translocations
 13312 | D:9      | Found a blossoming altar of Fedhas.
 13453 | D:9      | You fall through a shaft for 2 floors!
 13539 | D:11     | You fall through a shaft for 3 floors!
 13566 | D:14     | Noticed a brown ugly thing
 13567 | D:14     | Noticed a brown ugly thing
 13569 | D:14     | Noticed a brown ugly thing
 13570 | D:14     | Noticed a brown ugly thing
 13574 | D:14     | Noticed a brown ugly thing
 13588 | D:15     | Entered Level 15 of the Dungeon
 13588 | D:15     | Found Feomorij's Distillery.
 13588 | D:15     | Found Wipry's Armour Emporium.
 13595 | D:15     | Noticed a manticore
 13632 | D:14     | HP: 1/63 [brown ugly thing (14)]
 13632 | D:14     | Splashed by a brown ugly thing's acid

Vault maps used:
D:1:      dpeg_arrival_arbitrary_c
D:3:      elyvilon_altar_4
D:5:      grunt_temple_overflow_open, temple_statues, first_bread,
          minmay_misc_feat_alley, nicolae_ru_great_annihilating_truth,
          uniq_edmund
D:7:      led_sif_pool, serial_glass, glass_columns_a, glass_columns_b,
          serial_shops, nicolae_shop_behind_doors, eino_curves_02,
          grunt_ogre_cave, uniq_crazy_yiuf_cottage
D:8:      erik_lair_orcish_takeover, okawaru_gym_becter
D:9:      kennysheep_little_box, overflow_temple_1_default, uniq_grum
D:11:     orc_0_dummy, small_statue_intersection
D:14:     david_vaults_1
D:15:     grunt_enter_depths_giant_problem, serial_shops, nicolae_shop_trees,
          shop, shop, evilmike_ruin_ashenzari, nicolae_evil_shop
Temple:   circular_temple_12

Action                   |  1- 3 |  4- 6 |  7- 9 | 10-12 || total
-------------------------+-------+-------+-------+-------++-------
Melee: Dagger            |    28 |   122 |   419 |    96 ||   665
       Unarmed           |     2 |       |       |       ||     2
       Whip              |    45 |       |       |       ||    45
 Cast: Magic Dart        |    59 |    10 |   224 |    51 ||   344
       Mephitic Cloud    |       |     5 |    43 |    15 ||    63
       Conjure Flame     |       |     2 |    23 |    12 ||    37
       Blink             |       |       |       |     3 ||     3
       Repel Missiles    |       |       |       |     1 ||     1
Invok: Channel Energy    |       |       |    18 |    21 ||    39
Evoke: Wand              |       |       |     4 |       ||     4
  Use: Scroll            |       |       |     5 |     1 ||     6
 Stab: Sleeping          |     2 |     6 |       |     1 ||     9
       Confused          |       |     2 |    17 |     3 ||    22
       Paralysed         |       |       |     1 |       ||     1
